 Dungeon Crawl Stone Soup version 0.28.0-45-g0d030f2227 (webtiles) character file.

Game seed: 15799848424338046678

13468 DearestLeader the Blocker (level 12, -1/86 HPs)
             Began as a Gnoll Fighter on Apr 1, 2022.
             Was a Plaything of Xom.
             Slain by an eight-headed hydra (17 damage)
             ... on level 1 of the Lair of Beasts.
             The game lasted 00:26:54 (9561 turns).

DearestLeader the Blocker (Gnoll Fighter)           Turns: 9561, Time: 00:26:54

Health: -1/86      AC: 18    Str: 17      XL:     12   Next: 6%
Magic:  22/22      EV: 11    Int: 11      God:    Xom [*.....]
Gold:   448        SH: 12    Dex: 12 (14) Spells: 21/24 levels left

rFire   . . .      SeeInvis .   I - +2 hand axe (chaos)
rCold   + . .      Faith    .   F - +1 kite shield of Agheovoa {Regen+ Dex+6}
rNeg    + + .      Spirit   .   t - +2 scale mail {rC+}
rPois   +          Reflect  .   n - +0 helmet
rElec   .          Harm     .   y - +2 cloak {rPois}
rCorr   .          Rampage  .   a - +0 pair of gloves
Will    .....                   x - +0 pair of boots of the Albatross {+Inv Regen+ Int+2}
Stlth   ++........              (no amulet)
HPRegen 1.84/turn               i - ring of positive energy
MPRegen 0.18/turn               E - ring of positive energy

@: mighty, slowed, invisible (expiring), unable to read, very slow
A: fangs 1, strong nose, distributed training, clumsy 2, deterioration 1, frail
1, weak 1, inability to read while threatened
a: Renounce Religion, Evoke Invisibility


You were on level 1 of the Lair of Beasts.
You worshipped Xom.
You were a special plaything of Xom.
You visited 3 branches of the dungeon, and saw 13 of its levels.
You also visited: Bailey.

You collected 651 gold pieces.
You spent 203 gold pieces at shops.

Inventory:

Hand Weapons
 B - a +1 long sword of draining
 I - a +2 hand axe of chaos (weapon)
 L - a +2 long sword of holy wrath
Missiles
 k - 4 throwing nets (quivered)
 M - a curare-tipped dart
Armour
 a - a +0 pair of gloves (worn)
 n - a +0 helmet (worn)
 t - a +2 scale mail of cold resistance (worn)
 x - the +0 pair of boots of the Albatross (worn) {+Inv Regen+ Int+2}
   (You found it on level 5 of the Dungeon)

   Int:       It affects your intelligence (+2).
   +Inv:      It lets you turn invisible.
   Regen:     It increases your rate of health regeneration.
 y - a +2 cloak of poison resistance (worn)
 F - the +1 kite shield of Agheovoa (worn) {Regen+ Dex+6}
   (You found it on level 7 of the Dungeon)

   Dex:       It affects your dexterity (+6).
   Regen:     It increases your rate of health regeneration.
Jewellery
 i - a ring of positive energy (left hand)
 D - a ring of poison resistance
 E - a ring of positive energy (right hand)
Wands
 c - a wand of charming (4)
 p - a wand of flame (56)
 A - a wand of polymorph (5)
 K - a wand of acid (2)
 R - a wand of paralysis (4)
 T - a wand of iceblast (4)
Scrolls
 g - 3 scrolls of fog
 l - 2 scrolls of holy word {unknown}
 o - 2 scrolls of immolation {unknown}
 s - 3 scrolls of magic mapping
 u - a scroll of vulnerability {unknown}
 C - 5 scrolls of teleportation
 P - a scroll of blinking
 S - a scroll of silence {unknown}
 V - a scroll of brand weapon {unknown}
Potions
 b - 3 potions of cancellation
 f - 3 potions of haste
 h - a potion of heal wounds {unknown}
 j - 4 potions of attraction
 m - 3 potions of curing
 q - a potion of resistance
 r - 3 potions of invisibility
 v - a potion of might
 w - a potion of mutation {unknown}
 z - a potion of lignification {unknown}
 G - a potion of flight {unknown}
 H - 2 potions of magic {unknown}
 N - a potion of berserk rage {unknown}
 O - 2 potions of brilliance {unknown}
Miscellaneous
 Q - a condenser vane


   Skills:
 + Level 9.6 Fighting
 + Level 6.9 Short Blades
 + Level 6.9 Long Blades
 + Level 8.4 Axes
 + Level 6.9 Maces & Flails
 + Level 6.9 Polearms
 + Level 6.9 Staves
 + Level 6.9 Slings
 + Level 6.9 Bows
 + Level 6.9 Crossbows
 + Level 6.9 Throwing
 + Level 9.6 Armour
 + Level 6.9 Dodging
 + Level 6.9 Stealth
 + Level 9.6 Shields
 + Level 6.9 Unarmed Combat
 + Level 6.9 Spellcasting
 + Level 5.7 Conjurations
 + Level 5.7 Hexes
 + Level 5.7 Summonings
 + Level 5.7 Necromancy
 + Level 5.7 Translocations
 + Level 5.7 Transmutations
 + Level 5.7 Fire Magic
 + Level 5.7 Ice Magic
 + Level 5.7 Air Magic
 + Level 5.7 Earth Magic
 + Level 5.7 Poison Magic
 + Level 7.5 Invocations
 + Level 6.9 Evocations


You had 21 spell levels left.
You knew the following spells:

 Your Spells              Type           Power      Damage    Failure   Level
a - Mephitic Cloud        Conj/Pois/Air  16%        N/A       32%         3

Your spell library contained the following spells:

 Spells                   Type           Power      Damage    Failure   Level
 Beastly Appendage        Tmut           32%        N/A       11%         1
 Magic Dart               Conj           64%        1d6       11%         1
 Call Imp                 Summ           16%        N/A       16%         2
 Static Discharge         Conj/Air       16%        N/A       16%         2
 Sublimation of Blood     Necr           16%        N/A       16%         2
 Wereblood                Tmut           16%        N/A       16%         2
 Dazzling Flash           Conj/Hex       32%        N/A       32%         3
 Ignite Poison            Fire/Tmut/Pois 16%        N/A       32%         3
 Spider Form              Tmut/Pois      16%        N/A       32%         3
 Iskenderun's Mystic Bla  Conj/Tloc      16%        2d5       71%         4
 Freezing Cloud           Conj/Ice/Air   8%         6-21      96%         5
 Lightning Bolt           Conj/Air       8%         1d20      96%         5
 Starburst                Conj/Fire      8%         6d4       100%        6
 Summon Hydra             Summ           8%         N/A       100%        7
 Maxwell's Capacitive Co  Air            8%         ∞         100%        8


Dungeon Overview and Level Annotations

Branches:
Dungeon (11/15)            Temple (1/1) D:5            Lair (1/6) D:11
    Orc (0/2) D:9          Bailey (visited)

Altars:
Elyvilon
Gozag
Makhleb
Nemelex Xobeh
Qazlal
Uskayaw
Vehumet
Wu Jian
Xom
The Shining One

Shops:
D:5 *   D:6 ![[[   D:9 [


Innate Abilities, Weirdness & Mutations

You have very sharp teeth.
Your uncanny sense of smell can sniff out nearby items.
Your experience applies equally to all skills.
You are very clumsy. (Dex -4)
Your body sometimes deteriorates upon taking damage.
You are frail. (-10% HP)
You are weak. (Str -2)
You sometimes lose the ability to read scrolls when taking damage.


Message History

You block the nine-headed hydra's attack.
Your butterfly is engulfed in seething chaos.
Unknown command.
You cannot read scrolls in your current state!
You feel very mighty all of a sudden.
Your butterfly is engulfed in seething chaos.
Your butterfly flickers and vanishes for a moment.
Something hits you but does no damage.
Your butterfly is engulfed in seething chaos. x2
Something hits you but does no damage.
The eight-headed hydra is engulfed in seething chaos.
The eight-headed hydra goes berserk!
Your butterfly is engulfed in seething chaos.
The nine-headed hydra is engulfed in seething chaos.
The nine-headed hydra suddenly seems more agile.
You block something's attack.
The eight-headed hydra is engulfed in seething chaos.
The eight-headed hydra misses you.
The eight-headed hydra bites you but does no damage.
The eight-headed hydra bites you.
* * * LOW HITPOINT WARNING * * *
The eight-headed hydra bites you but does no damage.
The eight-headed hydra bites you.
* * * LOW HITPOINT WARNING * * *
You block the eight-headed hydra's attack. x2
The eight-headed hydra barely misses you.
You flicker for a moment.
Something hits you but does no damage. Something hits you.
* * * LOW HITPOINT WARNING * * *
The eight-headed hydra is engulfed in seething chaos.
Something hits you but does no damage.
The nine-headed hydra is engulfed in seething chaos.
The nine-headed hydra flickers and vanishes!
The eight-headed hydra is engulfed in seething chaos.
The eight-headed hydra suddenly seems more agile.
You block the eight-headed hydra's attack.
The eight-headed hydra bites you but does no damage.
The eight-headed hydra bites you!
You die...
Xom titters!

...................!........
...#.......................#
..........................P.
#...............................
................................
.........b...##................
..........{{#.#........[......
#.........§##................
##........§D@................
##........b.{.............#...
###....<...§b....b..........##P
....>..#....b...............##
#..##...####.................###
# #.#..##P.............#....#.
#.###................###..... ##
#..#.............#.##..#.
#..#P.............##..##


You could see an eight-headed hydra (berserk, agile).

Vanquished Creatures
  Harold (D:7)
  A boulder beetle (D:11)
  A two-headed ogre (D:9)
  Pikel (D:8)
  An elephant (D:11)
  A cane toad (Lair:1)
  Maggie (D:6)
  An unseen horror (D:11)
  A troll (D:11)
  A merfolk (D:9)
  Prince Ribbit (D:7)
  A slime creature (D:10)
  A meliai zombie (D:10)
  A shadow (D:9)
  2 wyverns
  9 yaks
  A spriggan (Bailey)
  Sigmund (D:4)
  2 basilisks
  Edmund (D:5)
  2 wargs (D:9)
  2 steam dragons
  3 vampire mosquitoes (D:10)
  Menkaure (D:6)
  2 acid dragons
  6 water moccasins
  A water moccasin (shapeshifter) (D:9)
  7 orc warriors
  4 ice beasts
  A sky beast (D:5)
  A black bear (D:11)
  3 ogres
  A lemure (D:8)
  2 centaurs
  A kobold brigand (D:9)
  4 bullfrogs
  A gnoll sergeant (D:4)
  A scorpion (D:6)
  A water moccasin skeleton (D:6)
  9 killer bees
  A centaur zombie (D:7)
  A howler monkey (D:6)
  A lava snake (D:9)
  A hound (D:6)
  Crazy Yiuf (D:3)
  A gnoll shaman (D:7)
  7 orc priests
  2 jellies
  A bullfrog skeleton (D:6)
  Jessica (D:2)
  Terence (D:2)
  Ijyb (D:3)
  Natasha (thrice) (D:2)
  2 iguanas
  4 orc wizards
  A hound zombie (D:5)
  A hound skeleton (D:5)
  A howler monkey skeleton (D:5)
  5 adders
  15 gnolls
  3 shadow imps (D:6)
  A white imp (D:6)
  3 worms
  31 orcs
  8 bats
  3 endoplasms
  A giant cockroach (D:1)
  10 goblins
  3 hobgoblins
  4 jackals (D:5)
  2 quokkas (D:1)
  11 ball pythons
  4 frilled lizards
  13 kobolds
  6 rats
237 creatures vanquished.

Vanquished Creatures (collateral kills)
  The ghost of drbonez the Frost Mage, a novice DrIE of Vehumet (D:8)
  A yak (D:9)
  A redback (D:9)
  An orc warrior (D:8)
  A bullfrog (D:8)
  3 killer bees (D:8)
  An orc priest (D:8)
  An orc (D:8)
10 creatures vanquished.

Vanquished Creatures (others)
  4 fungi
  5 plants (D:3)
9 creatures vanquished.

Grand Total: 256 creatures vanquished

Notes
Turn   | Place    | Note
-------+----------+-------------------------------------------
     0 | D:1      | DearestLeader the Gnoll Fighter began the quest for the
                  | Orb.
     0 | D:1      | Reached XP level 1. HP: 23/23 MP: 1/1
    34 | D:1      | Reached XP level 2. HP: 23/29 MP: 2/2
   247 | D:1      | You fall into a shaft and drop 1 floor!
   501 | D:1      | Reached XP level 3. HP: 35/35 MP: 3/3
   657 | D:2      | Noticed Natasha
   669 | D:2      | Killed Natasha
   670 | D:2      | Reached skill level 1 in Short Blades
   670 | D:2      | Reached skill level 1 in Long Blades
   670 | D:2      | Reached skill level 1 in Maces & Flails
   670 | D:2      | Reached skill level 1 in Polearms
   670 | D:2      | Reached skill level 1 in Staves
   670 | D:2      | Reached skill level 1 in Slings
   670 | D:2      | Reached skill level 1 in Bows
   670 | D:2      | Reached skill level 1 in Crossbows
   670 | D:2      | Reached skill level 1 in Throwing
   670 | D:2      | Reached skill level 1 in Dodging
   670 | D:2      | Reached skill level 1 in Stealth
   670 | D:2      | Reached skill level 1 in Unarmed Combat
   670 | D:2      | Reached skill level 1 in Spellcasting
   670 | D:2      | Reached skill level 1 in Invocations
   670 | D:2      | Reached skill level 1 in Evocations
   777 | D:2      | Noticed Terence
   809 | D:2      | Killed Terence
   810 | D:2      | Reached XP level 4. HP: 19/41 MP: 5/5
  1099 | D:2      | Reached skill level 1 in Conjurations
  1099 | D:2      | Reached skill level 1 in Hexes
  1099 | D:2      | Reached skill level 1 in Summonings
  1099 | D:2      | Reached skill level 1 in Necromancy
  1099 | D:2      | Reached skill level 1 in Translocations
  1099 | D:2      | Reached skill level 1 in Transmutations
  1099 | D:2      | Reached skill level 1 in Fire Magic
  1099 | D:2      | Reached skill level 1 in Ice Magic
  1099 | D:2      | Reached skill level 1 in Air Magic
  1099 | D:2      | Reached skill level 1 in Earth Magic
  1099 | D:2      | Reached skill level 1 in Poison Magic
  1113 | D:2      | Noticed Natasha
  1124 | D:2      | Killed Natasha
  1125 | D:2      | Reached XP level 5. HP: 24/47 MP: 5/7
  1327 | D:2      | Found Gefara's Book Shop.
  1434 | D:2      | Noticed Jessica
  1444 | D:2      | Killed Jessica
  1474 | D:2      | Noticed Natasha
  1484 | D:2      | Killed Natasha
  1846 | D:3      | Found a faded altar of an unknown god.
  1893 | D:3      | Noticed Ijyb
  1918 | D:3      | Killed Ijyb
  1919 | D:3      | Reached XP level 6. HP: 3/53 MP: 8/8
  2347 | D:3      | Learned a level 3 spell: Mephitic Cloud
  2363 | D:3      | Noticed an ice beast
  2367 | D:3      | Killed an ice beast
  2368 | D:3      | Reached skill level 5 in Axes
  2410 | D:3      | Found a runed translucent door.
  2411 | D:3      | Noticed Crazy Yiuf
  2418 | D:3      | Killed Crazy Yiuf
  2748 | D:4      | Reached XP level 7. HP: 59/59 MP: 10/10
  3205 | D:5      | Entered Level 5 of the Dungeon
  3205 | D:5      | Noticed Edmund
  3218 | D:5      | Killed Edmund
  3259 | D:5      | Noticed Sigmund
  3485 | D:4      | Killed Sigmund
  3605 | D:5      | Reached XP level 8. HP: 64/67 MP: 12/12
  3655 | D:5      | Found a staircase to the Ecumenical Temple.
  4026 | Temple   | Entered the Ecumenical Temple
  4082 | Temple   | Became a worshipper of Xom of Chaos
  4176 | D:5      | Identified the +0 pair of boots of the Albatross {+Inv
                  | Regen+ Int+2}
  4307 | D:5      | Found Ajali's Serpentskin Sales.
  4474 | D:5      | Bought a +2 cloak of poison resistance for 203 gold pieces
  4653 | D:6      | Found Muaxke Tente's Armour Shop.
  4653 | D:6      | Found Emuzac's Armour Shop.
  4653 | D:6      | Found Coint's Armour Shop.
  4658 | D:6      | Found Assyunt's Distillery.
  4698 | D:6      | Noticed Maggie
  4773 | D:6      | XOM: potion effect (brilliance)
  4810 | D:6      | Reached XP level 9. HP: 72/72 MP: 14/14
  4885 | D:6      | XOM: silly message
  4914 | D:6      | XOM: silly message
  4937 | D:6      | XOM: silly message
  4994 | D:6      | XOM: divination: detect creatures
  5008 | D:6      | XOM: silly message
  5013 | D:6      | XOM: potion effect (invisibility)
  5027 | D:6      | Killed Maggie
  5098 | D:6      | XOM: silly message
  5253 | D:6      | Noticed Menkaure
  5262 | D:6      | XOM: noise
  5262 | D:6      | XOM: butterfly on damage
  5265 | D:6      | XOM: cast spell 'Summon Ice Beast'
  5266 | D:6      | XOM: noise
  5268 | D:6      | XOM: potion effect (berserk rage)
  5270 | D:6      | XOM: cast spell 'Summon Small Mammal'
  5281 | D:6      | Killed Menkaure
  5382 | D:7      | Found a stormy altar of Qazlal.
  5444 | D:7      | XOM: swap monsters
  5472 | D:7      | Found a flagged portal.
  5509 | Bailey   | Entered a bailey
  5517 | Bailey   | XOM: polymorph ogre -> wyvern
  5522 | Bailey   | Reached skill level 5 in Invocations
  5554 | Bailey   | XOM: scenery: summon butterflies
  5568 | Bailey   | Noticed a two-headed ogre
  5569 | Bailey   | XOM: cast spell 'Necromutation'
  5576 | Bailey   | XOM: summons friendly quasit
  5721 | D:7      | Identified the +1 kite shield of Agheovoa {Regen+ Dex+6}
  6049 | D:7      | Noticed Prince Ribbit
  6058 | D:7      | Killed Prince Ribbit
  6067 | D:7      | Noticed Harold
  6074 | D:7      | Reached XP level 10. HP: 78/80 MP: 17/17
  6077 | D:7      | XOM: chaos upgrade
  6081 | D:7      | XOM: blink monster(s)
  6092 | D:7      | Killed Harold
  6093 | D:7      | Reached skill level 5 in Short Blades
  6093 | D:7      | Reached skill level 5 in Long Blades
  6093 | D:7      | Reached skill level 5 in Maces & Flails
  6093 | D:7      | Reached skill level 5 in Polearms
  6093 | D:7      | Reached skill level 5 in Staves
  6093 | D:7      | Reached skill level 5 in Slings
  6093 | D:7      | Reached skill level 5 in Bows
  6093 | D:7      | Reached skill level 5 in Crossbows
  6093 | D:7      | Reached skill level 5 in Throwing
  6093 | D:7      | Reached skill level 5 in Dodging
  6093 | D:7      | Reached skill level 5 in Stealth
  6093 | D:7      | Reached skill level 5 in Unarmed Combat
  6093 | D:7      | Reached skill level 5 in Spellcasting
  6093 | D:7      | Reached skill level 5 in Evocations
  6116 | D:7      | XOM: divination: detect items
  6216 | D:7      | XOM: give mutations
  6216 | D:7      | Gained mutation: You are clumsy. (Dex -2) [Xom's mischief]
  6216 | D:7      | Gained mutation: You sometimes lose the ability to read
                  | scrolls when taking damage. [Xom's mischief]
  6226 | D:8      | Found a large runed translucent door.
  6226 | D:8      | Found a large runed translucent door.
  6228 | D:8      | Noticed drbonez's ghost (novice DrIE)
  6248 | D:8      | Noticed Pikel
  6264 | D:8      | XOM: chaos cloud
  6273 | D:8      | Killed Pikel
  6282 | D:8      | XOM: silly message
  6283 | D:8      | XOM: confusion
  6304 | D:8      | XOM: draining
  6368 | D:8      | XOM: give mutation
  6368 | D:8      | Gained mutation: You have hidden genetic defects. [Xom's
                  | mischief]
  6414 | D:8      | XOM: 4-stop teleportation journey
  6641 | D:8      | Gained mutation: You are weak. (Str -2) [hidden defects]
  6650 | D:8      | XOM: fog
  6676 | D:8      | XOM: cleaving
  6852 | D:8      | XOM: cleaving
  6855 | D:8      | XOM: cleaving
  6877 | D:8      | XOM: summons friendly ice devil
  6887 | D:8      | Killed drbonez's ghost
  6888 | D:8      | Reached XP level 11. HP: 44/87 MP: 19/19
  6920 | D:8      | XOM: scenery: 1 fountains blood, 2 doors close
  7049 | D:9      | Noticed a centaur warrior
  7054 | D:9      | a centaur warrior changed into a merfolk
  7054 | D:9      | XOM: polymorph centaur warrior -> merfolk
  7056 | D:9      | XOM: summons 2 hostile shadow creatures
  7078 | D:9      | Gained mutation: You are very clumsy. (Dex -4) [hidden
                  | defects]
  7078 | D:9      | Lost mutation: You have hidden genetic defects. [hidden
                  | defects expressed]
  7124 | D:9      | Noticed a two-headed ogre
  7136 | D:9      | Killed a two-headed ogre
  7137 | D:9      | Reached skill level 5 in Conjurations
  7137 | D:9      | Reached skill level 5 in Hexes
  7137 | D:9      | Reached skill level 5 in Summonings
  7137 | D:9      | Reached skill level 5 in Necromancy
  7137 | D:9      | Reached skill level 5 in Translocations
  7137 | D:9      | Reached skill level 5 in Transmutations
  7137 | D:9      | Reached skill level 5 in Fire Magic
  7137 | D:9      | Reached skill level 5 in Ice Magic
  7137 | D:9      | Reached skill level 5 in Air Magic
  7137 | D:9      | Reached skill level 5 in Earth Magic
  7137 | D:9      | Reached skill level 5 in Poison Magic
  7193 | D:9      | XOM: 6-stop teleportation journey
  7217 | D:9      | XOM: swap monsters
  7236 | D:9      | XOM: summons 4 hostile shadow creatures
  7238 | D:9      | Paralysed by a hornet for 3 turns
  7283 | D:9      | XOM: chaos cloud
  7305 | D:9      | Noticed a two-headed ogre
  7323 | D:9      | XOM: smoke on damage
  7489 | D:9      | XOM: swap monsters
  7538 | D:9      | Found Gydesh's Armour Shop.
  7580 | D:9      | XOM: give mutations
  7580 | D:9      | Gained mutation: You are very weak. (Str -4) [Xom's
                  | mischief]
  7580 | D:9      | Gained mutation: Your body sometimes deteriorates upon
                  | taking damage. [Xom's mischief]
  7590 | D:9      | XOM: noise
  7591 | D:9      | XOM: noise
  7655 | D:9      | Found a staircase to the Orcish Mines.
  7719 | D:9      | a two-headed ogre changed into a redback
  7719 | D:9      | XOM: polymorph two-headed ogre -> redback
  7735 | D:9      | XOM: fog
  7746 | D:9      | XOM: summons 6 friendly demons
  7773 | D:9      | XOM: divination: magic mapping
  7817 | D:9      | XOM: silly message
  7822 | D:9      | XOM: confuse monster(s)
  8031 | D:9      | XOM: summons 2 hostile shadow creatures
  8076 | D:10     | Entered Level 10 of the Dungeon
  8138 | D:9      | XOM: butterfly on damage
  8209 | D:10     | XOM: give mutations
  8209 | D:10     | Lost mutation: You are very weak. (Str -4) [Xom's mischief]
  8209 | D:10     | Gained mutation: You are frail. (-10% HP) [Xom's mischief]
  8259 | D:10     | XOM: confusion
  8398 | D:10     | XOM: torment (49/80 hp)
  8407 | D:10     | XOM: 5-stop teleportation journey
  8542 | D:10     | Noticed a two-headed ogre
  8548 | D:10     | XOM: chaos cloud
  8569 | D:10     | a two-headed ogre changed into a slime creature
  8569 | D:10     | XOM: polymorph two-headed ogre -> slime creature
  8581 | D:10     | Noticed a fire dragon
  8601 | D:10     | XOM: 1-stop teleportation journey
  8625 | D:10     | XOM: torment (49/80 hp)
  8827 | D:11     | Noticed a boulder beetle
  8844 | D:11     | XOM: summons 6 hostile demons
  8847 | D:11     | XOM: swap monsters
  8919 | D:11     | XOM: smoke on damage
  8932 | D:11     | XOM: 6-stop teleportation journey
  9015 | D:11     | Killed a boulder beetle
  9118 | D:11     | Found a staircase to the Lair.
  9146 | D:11     | XOM: fog
  9147 | D:11     | XOM: summons 2 friendly demons
  9161 | D:11     | XOM: stat loss: -1 Dex (11/14)
  9220 | D:11     | Reached XP level 12. HP: 69/86 MP: 22/22
  9426 | Lair:1   | Entered Level 1 of the Lair of Beasts
  9468 | Lair:1   | Found a white marble altar of Elyvilon.
  9508 | Lair:1   | Noticed an eight-headed hydra
  9544 | Lair:1   | Noticed a four-headed hydra
  9553 | Lair:1   | XOM: chaos cloud
  9555 | Lair:1   | XOM: scenery: summon butterflies
  9561 | Lair:1   | Slain by an eight-headed hydra

Illustrated notes

Levels and vault maps discovered:
D:1:      pf_arrival_petrified_forest, layout_rooms
D:2:      layout_rooms, serial_shops, shop, uniq_natasha, uniq_jessica,
          uniq_terence
D:3:      layout_loops_ring, dreamdust_ecumenical_altar_grove, uniq_ijyb,
          uniq_crazy_yiuf_cottage
D:4:      layout_rooms, amcnicky_mini_pool_small
D:5:      layout_rooms, minmay_temple_entry_junction_2, guppyfry_shop_venom,
          uniq_edmund, uniq_sigmund
D:6:      layout_rooms, minmay_shop_grid_forest, uniq_maggie, uniq_menkaure
D:7:      layout_gridville, nicolae_qazlal_general_emergency, enter_bailey_3,
          uniq_harold, uniq_prince_ribbit1
D:8:      layout_cave_pools, ebering_ghost_disaster_area,
          chequers_serial_rivers_micro_c, uniq_pikel
D:9:      layout_cave_pools, david_orc_1_choice, minivault_25_ag,
          nrook_mini_backslash, fungi_pond_lemuel, nicolae_inconvenience_store
D:10:     dragon1_lemuel, layout_rooms
D:11:     layout_roguey, david_lair_generic
Temple:   mainiacjoe_temple_hex_bubbles
Lair:1:   layout_cave_shapes, basic_altar

Skill      XL: |  1  2  3  4  5  6  7  8  9 10 11 |
---------------+----------------------------------+-----
Short Blades   | 1 2 3 4 5 6 |  6.9
Long Blades    | 1 2 3 4 5 6 |  6.9
Maces & Flails | 1 2 3 4 5 6 |  6.9
Polearms       | 1 2 3 4 5 6 |  6.9
Staves         | 1 2 3 4 5 6 |  6.9
Slings         | 1 2 3 4 5 6 |  6.9
Bows           | 1 2 3 4 5 6 |  6.9
Crossbows      | 1 2 3 4 5 6 |  6.9
Throwing       | 1 2 3 4 5 6 |  6.9
Dodging        | 1 2 3 4 5 6 |  6.9
Stealth        | 1 2 3 4 5 6 |  6.9
Unarmed Combat | 1 2 3 4 5 6 |  6.9
Spellcasting   | 1 2 3 4 5 6 |  6.9
Invocations    | 1 2 3 4 5 6 7 |  7.5
Evocations     | 1 2 3 4 5 6 |  6.9
Conjurations   | 1 2 3 4 5 |  5.7
Hexes          | 1 2 3 4 5 |  5.7
Summonings     | 1 2 3 4 5 |  5.7
Necromancy     | 1 2 3 4 5 |  5.7
Translocations | 1 2 3 4 5 |  5.7
Transmutations | 1 2 3 4 5 |  5.7
Fire Magic     | 1 2 3 4 5 |  5.7
Ice Magic      | 1 2 3 4 5 |  5.7
Air Magic      | 1 2 3 4 5 |  5.7
Earth Magic    | 1 2 3 4 5 |  5.7
Poison Magic   | 1 2 3 4 5 |  5.7
Axes           | 5 6 7 8 |  8.4
Fighting       | 7 8 9 |  9.6
Armour         | 7 8 9 |  9.6
Shields        | 7 8 9 |  9.6

Action                   |  1- 3 |  4- 6 |  7- 9 | 10-12 || total
-------------------------+-------+-------+-------+-------++-------
Melee: War axe           |    16 |       |       |       ||    16
       Short sword       |    81 |   113 |   268 |       ||   462
       Bite              |     7 |    13 |    46 |   116 ||   182
       Long sword        |       |       |    82 |   717 ||   799
       Unarmed           |       |       |    13 |       ||    13
       Hand axe          |       |       |       |     5 ||     5
Throw: Throwing net      |       |     2 |     3 |       ||     5
Evoke: Wand              |       |     7 |     4 |     6 ||    17
  Use: Potion            |       |     1 |       |     3 ||     4
       Scroll            |       |       |     8 |     2 ||    10
 Stab: Held in net/web   |       |     2 |     2 |       ||     4
       Invisible         |       |       |     3 |     1 ||     4
       Sleeping          |       |       |     1 |     2 ||     3
       Distracted        |       |       |       |     2 ||     2
       Paralysed         |       |       |       |     2 ||     2
Armor: Scale mail        |    49 |    22 |   191 |   474 ||   736
Dodge: Dodged            |    50 |    30 |   176 |   377 ||   633
Block: Buckler           |    29 |    22 |    94 |       ||   145
       Kite shield       |       |       |    10 |   577 ||   587
